 Dungeon Crawl Stone Soup version 0.22-a0-49-g614aadd (webtiles) character file.

414 gmonis the Basher (level 6, -3/51 HPs)
             Began as a Minotaur Berserker on Jan 8, 2018.
             Was a Priest of Trog.
             Slain by a centaur (6 damage)
             ... on level 5 of the Dungeon.
             The game lasted 00:04:11 (3931 turns).

gmonis the Basher (Minotaur Berserker)              Turns: 3931, Time: 00:04:12

Health: -3/51      AC:  9    Str: 24    XL:     6   Next: 60%
Magic:  14/14      EV:  8    Int:  8    God:    Trog [***...]
Gold:   168        SH:  0    Dex:  9    Spells: 5/5 levels left

rFire    . . .     SeeInvis .   a - +0 mace
rCold    . . .     Gourm    .   (no shield)
rNeg     . . .     Faith    .   v - +0 chain mail
rPois    .         Spirit   .   (helmet restricted)
rElec    .         Reflect  .   (no cloak)
rCorr    .         Harm     .   j - +0 pair of gloves
MR       .....                  (no boots)
Stlth    ..........             (no amulet)
HPRegen  0.17/turn              l - ring of magical power
MPRegen  0.14/turn              q - +4 ring of intelligence

@: berserk cooldown, slowed, very slow
A: retaliatory headbutt, horns 2
a: Berserk, Trog's Hand, Burn Spellbooks, Renounce Religion


You were on level 5 of the Dungeon.
You worshipped Trog.
Trog was most pleased with you.
You were very hungry.

You visited 1 branch of the dungeon, and saw 5 of its levels.

You collected 168 gold pieces.

Inventory:

Hand Weapons
 a - a +0 mace (weapon)
Missiles
 m - 115 stones (quivered)
Armour
 b - a +0 animal skin
 d - a +0 ring mail
 j - a +0 pair of gloves (worn)
 v - a +0 chain mail (worn)
Jewellery
 l - a ring of magical power (left hand)
 q - a +4 ring of intelligence (right hand)
 y - an uncursed ring of protection from fire {unknown}
Wands
 r - a wand of enslavement (11)
 C - a wand of acid (11)
Scrolls
 f - 3 scrolls of enchant weapon {unknown}
 g - a scroll of magic mapping {unknown}
 h - 2 scrolls of enchant armour {unknown}
 n - 2 scrolls of teleportation {unknown}
 s - 2 scrolls of amnesia {unknown}
 t - 2 scrolls of remove curse {unknown}
 w - 4 scrolls of identify {unknown}
 A - a scroll of fog {unknown}
 B - a scroll of blinking {unknown}
Potions
 e - a potion of cancellation {unknown}
 i - a potion of berserk rage {unknown}
 k - a potion of lignification {unknown}
 o - a potion of degeneration {unknown}
 p - 3 potions of agility {unknown}
 u - 3 potions of curing {unknown}
 z - a potion of brilliance {unknown}
Comestibles
 c - 14 rations


   Skills:
 - Level 3.6 Fighting
 + Level 9.1 Maces & Flails
 - Level 2.4 Armour
 - Level 2.1 Dodging


You had 5 spell levels left.
You didn't know any spells.

Dungeon Overview and Level Annotations

Branches:
Dungeon (5/15)             Temple (0/1) D:4

Altars:
Dithmenos
Elyvilon
Gozag
Makhleb
Nemelex Xobeh
Uskayaw
Vehumet
Xom


Innate Abilities, Weirdness & Mutations

You reflexively headbutt those who attack you in melee.
You have a pair of horns on your head.


Message History

The ogre is severely wounded.
The centaur shoots an arrow.
The arrow closely misses you. The ogre barely misses you.
You furiously retaliate!
You headbutt the ogre!
You kill the ogre!
Trog accepts your kill.
Your Maces & Flails skill increases to level 9!
The centaur shoots an arrow.
The arrow hits you but does no damage.
You see here an arrow.
You feel a strong urge to attack something.
The centaur shoots an arrow.
The arrow hits you but does no damage.
You see here an arrow.
You feel your anger nearly subside.
You are no longer berserk.
You are exhausted.
You feel yourself slow down.
The centaur unwields an uncursed shortbow.
The centaur hits you!
* * * LOW HITPOINT WARNING * * *
You see here a wand of random effects (43).
You hit the centaur but do no damage. The centaur hits you.
You die...

####.##.########
... #...#^...###
####
#.#........##
#.......(...##
#....[.^()^.!#
......^...^(.$%##
##....^..^.^....#
#.....(^..^(...#
#.......^..@...#
#....^.^^.c....#
#.............##
#.............#
^.........##
........##
......### ######


You could see a centaur.

Vanquished Creatures
  An ogre (D:5)
  A howler monkey (D:5)
  A crimson imp (D:5)
  A hound (D:5)
  A worker ant (D:4)
  4 gnolls (D:3)
  4 adders
  A shadow imp (D:5)
  3 oozes
  5 worms
  4 dart slugs
  A leopard gecko (D:3)
  5 orcs
  5 bats
  3 giant cockroaches
  8 goblins
  7 hobgoblins
  11 jackals
  6 kobolds
  4 quokkas
  A ball python (D:3)
  8 frilled lizards
  5 rats
90 creatures vanquished.

Notes
Turn   | Place    | Note
-------+----------+-------------------------------------------
     0 | D:1      | gmonis the Minotaur Berserker began the quest for the Orb.
     0 | D:1      | Reached XP level 1. HP: 19/19 MP: 0/0
   132 | D:1      | Reached skill level 4 in Maces & Flails
   247 | D:1      | Reached XP level 2. HP: 26/26 MP: 1/1
   832 | D:2      | Reached skill level 5 in Maces & Flails
  1020 | D:2      | Reached XP level 3. HP: 29/31 MP: 2/2
  1274 | D:2      | Reached ** piety under Trog
  1949 | D:3      | Reached skill level 6 in Maces & Flails
  1949 | D:3      | Reached XP level 4. HP: 27/39 MP: 3/3
  1963 | D:3      | HP: 1/39 [hobgoblin/club (3)]
  2493 | D:3      | Reached XP level 5. HP: 45/45 MP: 4/4
  2508 | D:3      | Reached skill level 7 in Maces & Flails
  2548 | D:3      | Found a shadowy altar of Dithmenos.
  2736 | D:3      | Found a sparkling altar of Nemelex Xobeh.
  2814 | D:4      | Found a staircase to the Ecumenical Temple.
  3055 | D:4      | Reached *** piety under Trog
  3342 | D:4      | Found a radiant altar of Vehumet.
  3477 | D:4      | Found a hide-covered altar of Uskayaw.
  3477 | D:4      | Found an opulent altar of Gozag.
  3514 | D:4      | Found a white marble altar of Elyvilon.
  3576 | D:5      | Entered Level 5 of the Dungeon
  3583 | D:5      | Reached skill level 8 in Maces & Flails
  3591 | D:5      | Reached XP level 6. HP: 44/51 MP: 5/5
  3896 | D:5      | Found a burning altar of Makhleb.
  3899 | D:5      | Found a shimmering altar of Xom.
  3926 | D:5      | Reached skill level 9 in Maces & Flails
  3931 | D:5      | Slain by a centaur

Vault maps used:
D:1:      saegor_arrival_simple_f
D:3:      grunt_dithmenos_smoke, nemelex_spade_bored_becter
D:4:      marbit_many_paths, gammafunk_temple_overflow_claw,
          minmay_temple_entry_butterflies, first_ration
D:5:      grunt_temple_overflow_champion_of_chaos, palyth_stone_intersect,
          minmay_holes, kennysheep_generic_room_9

Skill      XL: |  1  2  3  4  5  6 |
---------------+-------------------+-----
Maces & Flails | 4 5 6 8 9 |  9.1
Fighting       | |  3.6
Armour         | |  2.4
Dodging        | |  2.1

Action                   |  1- 3 |  4- 6 || total
-------------------------+-------+-------++-------
Melee: Mace              |    59 |   146 ||   205
       Headbutt          |    14 |    17 ||    31
Invok: Berserk           |     1 |     1 ||     2
  Eat: Chunk             |     3 |     7 ||    10
Armor: Animal skin       |     2 |       ||     2
       Ring mail         |    20 |    38 ||    58
       Chain mail        |       |    42 ||    42
Dodge: Dodged            |    38 |    81 ||   119

Table legend:
 A = Spawn XP
 B = Non-spawn XP
 C = Spawn XP percentage of total XP
 D = Spawn monster count
 E = Non-spawn monster count
 F = Spawn count percentage of total count
 G = Total turns spent on level
                    A         B        C        D         E        F      G
               +---------+---------+-------+---------+---------+-------+---------
         Total |       0 |     592 |   0.0 |       0 |      90 |   0.0 |  3931
               +---------+---------+-------+---------+---------+-------+---------
           D:1 |       0 |      23 |   0.0 |       0 |      11 |   0.0 |   709
           D:2 |       0 |      70 |   0.0 |       0 |      20 |   0.0 |  1232
           D:3 |       0 |     128 |   0.0 |       0 |      34 |   0.0 |   867
           D:4 |       0 |      74 |   0.0 |       0 |      13 |   0.0 |   768
           D:5 |       0 |     297 |   0.0 |       0 |      12 |   0.0 |   355
               +---------+---------+-------+---------+---------+-------+---------
